 Dungeon Crawl Stone Soup version 0.17-a0-580-g22c127a (webtiles) character file.

129 Magnus the Chopper (level 5, -6/46 HPs)
             Began as a Hill Orc Fighter on Apr 15, 2015.
             Mangled by an ice beast (14 damage)
             ... on level 3 of the Dungeon.
             The game lasted 00:09:03 (2001 turns).

Magnus the Chopper (Hill Orc Fighter)               Turns: 2001, Time: 00:09:04

Health: -6/46      AC: 10    Str: 19    XL:     5   Next: 12%
Magic:  5/5        EV:  9    Int:  8    God:
Gold:   147        SH:  0    Dex: 11    Spells: 0 memorised, 4 levels left

rFire  . . .     SeeInvis .     a - +0 war axe
rCold  . . .     Clarity  .     b - +0 scale mail
rNeg   . . .     SustAb   .     (no shield)
rPois  .         Gourm    .     (no helmet)
rElec  .         Spirit   .     j - +0 cloak
rCorr  .         Warding  .     s - +0 pair of gloves
rMut   .         Stasis   .     i - +0 pair of boots (curse)
MR     .....                    (no amulet)
Stlth  ..........               (no ring)
                                (no ring)

@: not resistant to hostile enchantments, extremely unstealthy
A: no striking features
a: no special abilities


You were on level 3 of the Dungeon.
You were hungry.

You visited 1 branch of the dungeon, and saw 3 of its levels.

You collected 147 gold pieces.

Inventory:

Hand weapons
 a - a +0 war axe (weapon)
Missiles
 n - a throwing net (quivered)
Armour
 b - a +0 scale mail (worn)
 c - a +0 shield
 i - a cursed +0 pair of boots (worn)
 j - a +0 cloak (worn)
 s - a +0 pair of gloves (worn)
Scrolls
 g - 2 scrolls of enchant weapon {unknown}
 l - 4 scrolls of enchant armour {unknown}
 m - a scroll of noise {unknown}
 o - a scroll of fog {unknown}
 p - a scroll of remove curse {unknown}
Potions
 e - a potion of degeneration {unknown}
 k - a potion of ambrosia {unknown}
 q - a potion of curing {unknown}
 r - a potion of heal wounds {unknown}
Comestibles
 d - a bread ration
 f - 2 meat rations
 h - a royal jelly


   Skills:
 + Level 4.2 Fighting
 + Level 4.5 Axes
 + Level 4.1 Armour
 + Level 4.2 Shields


You had 4 spell levels left.
You didn't know any spells.

Dungeon Overview and Level Annotations

Branches:
Dungeon (3/15)

Altars:
Ashenzari
Nemelex Xobeh


Message History

* * * LOW HITPOINT WARNING * * *
You are too injured to fight recklessly!
You are too injured to fight recklessly!
You are too injured to fight recklessly!
You are too injured to fight recklessly!
You are too injured to fight recklessly!
You are too injured to fight recklessly!
You are too injured to fight recklessly!
You are too injured to fight recklessly!
You are too injured to fight recklessly!
You are too injured to fight recklessly!
You hit the ice beast but do no damage.
The ice beast is severely wounded.
The ice beast hits you but does no damage. x2
You hit the ice beast but do no damage.
The ice beast is severely wounded.
The ice beast hits you.
* * * LOW HITPOINT WARNING * * *
The ice beast freezes you!
You die...

........##########.##############
#.......# #.# #.......# #.#
#.......# #.# #....(..# #.#
#.......# #.# ######### #.#
#######'## #..!.@...# #...Y....#
.............# .......###.##
<...... #.# ....... #.# ......
#.# ..... #$# .... .


You could see an ice beast.

Vanquished Creatures
  Crazy Yiuf (D:2)
  3 adders
  3 oozes
  A worm (D:2)
  3 giant geckos
  7 bats
  5 goblins
  9 hobgoblins
  4 jackals (D:2)
  A quokka (D:3)
  A giant cockroach (D:1)
  2 giant newts (D:1)
  9 kobolds
  4 rats
53 creatures vanquished.

Notes
Turn   | Place    | Note
--------------------------------------------------------------
     0 | D:1      | Magnus, the Hill Orc Fighter, began the quest for the Orb.
     0 | D:1      | Reached XP level 1. HP: 19/19 MP: 1/1
    83 | D:1      | Found a sparkling altar of Nemelex Xobeh.
    86 | D:1      | Reached XP level 2. HP: 21/26 MP: 2/2
   457 | D:1      | Reached XP level 3. HP: 30/33 MP: 3/3
   987 | D:2      | Found a shattered altar of Ashenzari.
  1104 | D:2      | Reached XP level 4. HP: 32/40 MP: 4/4
  1222 | D:2      | Reached skill level 4 in Armour
  1674 | D:2      | Noticed Crazy Yiuf
  1677 | D:2      | Killed Crazy Yiuf
  1756 | D:2      | Reached XP level 5. HP: 43/46 MP: 5/5
  1991 | D:3      | Noticed an ice beast
  2001 | D:3      | Mangled by an ice beast

Action                   |  1- 3 |  4- 6 || total
-------------------------+-------+-------++-------
Melee: War axe           |    89 |    64 ||   153
  Use: Potion            |       |     2 ||     2
  Eat: Chunk             |     1 |     2 ||     3
